 Dungeon Crawl Stone Soup version 0.18.1-8-gdd0e5ea (webtiles) character file.

469 georgeearnest the Chopper (level 7, 0/59 HPs)
             Began as a Hill Orc Gladiator on May 21, 2016.
             Slain by skk's ghost (1 damage)
             ... on level 5 of the Dungeon.
             The game lasted 00:12:19 (3167 turns).

georgeearnest the Chopper (Hill Orc Gladiator)      Turns: 3167, Time: 00:12:21

Health: 0/59       AC:  4    Str: 25    XL:     7   Next: 9%
Magic:  7/7        EV: 13    Int: 13    God:
Gold:   143        SH:  0    Dex: 11    Spells: 0 memorised, 6 levels left

rFire  . . .     SeeInvis .     a - +0 war axe
rCold  . . .     Gourm    .     b - +0 leather armour
rNeg   . . .     Faith    .     (no shield)
rPois  .         Spirit   .     c - +0 helmet
rElec  .         Dismiss  .     (no cloak)
rCorr  .         Reflect  .     (no gloves)
SustAt .         Harm     .     (no boots)
MR     +....                    r - amulet of regeneration
Stlth  +.........               A - +5 ring of strength
                                l - ring of protection from magic

@: brilliant, flying, very slightly contaminated, hasted, very quick, somewhat
resistant to hostile enchantments, very unstealthy
A: mutation resistance 1, no device heal 1
a: no special abilities


You were on level 5 of the Dungeon.
You were not hungry.

You visited 1 branch of the dungeon, and saw 5 of its levels.

You collected 143 gold pieces.

Inventory:

Hand Weapons
 a - a +0 war axe (weapon)
Missiles
 d - 3 throwing nets (quivered)
Armour
 b - a +0 leather armour (worn)
 c - a +0 helmet (worn)
 i - a cursed +0 robe
Jewellery
 l - a ring of protection from magic (left hand)
 r - an amulet of regeneration (around neck)
 z - an uncursed ring of positive energy
 A - a +5 ring of strength (right hand)
Wands
 y - a wand of polymorph (15/24)
Scrolls
 e - 6 scrolls of remove curse {unknown}
 g - a scroll of recharging {unknown}
 k - 2 scrolls of identify {unknown}
 m - a scroll of amnesia {unknown}
 n - 2 scrolls of enchant armour {unknown}
 t - 2 scrolls of teleportation {unknown}
Potions
 j - 2 potions of mutation
 s - a potion of haste
 w - a potion of magic {unknown}
 x - a potion of might {unknown}
Books
 v - a book of Maledictions

   Spells                             Type                      Level
   a - Corona                         Hexes                        1
   b - Ensorcelled Hibernation        Hexes/Ice                    2
   c - Confuse                        Hexes                        3
   d - Tukima's Dance                 Hexes                        3
   e - Dazzling Spray                 Conjuration/Hexes            3
Comestibles
 f - 2 bread rations
 h - 2 meat rations
 o - 3 fruits
 u - 2 beef jerkies


   Skills:
 + Level 4.1 Fighting
 * Level 6.3 Axes
 * Level 2.7 Throwing
 * Level 3.2 Armour
 + Level 3.8 Dodging


You had 6 spell levels left.
You didn't know any spells.

Dungeon Overview and Level Annotations

Branches:
Dungeon (5/15)
 Temple: D:4-7

Altars:
Ashenzari
Elyvilon
Okawaru
Pakellas
Sif Muna
Xom
Zin

Annotations:
D:5 skk's ghost, novice FoFi


Innate Abilities, Weirdness & Mutations

You are somewhat resistant to further mutation.
Potions and wands are less effective at restoring your health.


Message History

It was a potion of mutation.
You feel extremely strange.
Your system partially rejects artificial healing.
You feel genetically stable.
Skk's ghost hits you but does no damage.
The shadow imp hits you but does no damage.
Drink which item? (? for menu, Esc to quit)
It was a potion of flight.
You feel very buoyant.
You fly up into the air.
Skk's ghost misses you. The shadow imp closely misses you.
Drink which item? (? for menu, Esc to quit)
It was a potion of haste.
You feel yourself speed up. Skk's ghost closely misses you.
The shadow imp closely misses you.
You are very lightly contaminated with residual magic.
Drink which item? (? for menu, Esc to quit)
It was a potion of brilliance.
You feel clever all of a sudden. Skk's ghost hits you!
* * * LOW HITPOINT WARNING * * *
You die...

....... ...
....... ##....
...#... #... ..
.......##..#
..l
#......##....
##...<.#......
#........#
##......####
........r5@.#
.........##W#
.......... .$#
.%.......##....
......#...
#..#.
........## ..#
.. #....##..
... . .... ..
....


You could see skk's ghost, a shadow imp and a quokka.

Vanquished Creatures
  A giant frog (D:3)
  A scorpion (D:5)
  A crimson imp (D:5)
  A hound (D:4)
  2 orc wizards
  Natasha (D:4)
  2 worker ants (D:4)
  8 adders
  An ooze (D:1)
  2 worms (D:2)
  A dart slug (D:1)
  A giant gecko (D:2)
  10 orcs
  7 bats
  5 giant cockroaches
  8 goblins
  7 hobgoblins
  4 jackals (D:4)
  4 kobolds
  2 quokkas
  2 ball pythons (D:3)
  8 giant newts
  A jackal skeleton (D:4)
  3 rats
83 creatures vanquished.

Notes
Turn   | Place    | Note
--------------------------------------------------------------
     0 | D:1      | georgeearnest the Hill Orc Gladiator began the quest for the Orb.
     0 | D:1      | Reached XP level 1. HP: 18/18 MP: 1/1
   174 | D:1      | Reached XP level 2. HP: 25/25 MP: 2/2
   649 | D:1      | Reached XP level 3. HP: 27/30 MP: 3/3
  1081 | D:2      | Reached skill level 1 in Armour
  1312 | D:2      | Reached XP level 4. HP: 29/37 MP: 4/4
  1321 | D:2      | Found a white marble altar of Elyvilon.
  1689 | D:3      | Found an iron altar of Okawaru.
  1721 | D:3      | Noticed a giant frog
  1727 | D:3      | Killed a giant frog
  1727 | D:3      | Reached skill level 5 in Axes
  1727 | D:3      | Reached XP level 5. HP: 33/45 MP: 5/5
  1783 | D:3      | Found a deep blue altar of Sif Muna.
  1900 | D:3      | Found a faded altar to an unknown god.
  1942 | D:3      | Found a shattered altar of Ashenzari.
  2141 | D:3      | Noticed an angel
  2201 | D:3      | Found a shimmering altar of Xom.
  2201 | D:3      | Found a glowing silver altar of Zin.
  2256 | D:3      | Reached XP level 6. HP: 46/51 MP: 6/6
  2295 | D:3      | Found an oddly glowing altar of Pakellas.
  2811 | D:4      | Noticed Natasha
  2992 | D:4      | Killed Natasha
  3014 | D:4      | Reached skill level 6 in Axes
  3147 | D:5      | Entered Level 5 of the Dungeon
  3155 | D:5      | Noticed skk's ghost (novice FoFi)
  3161 | D:5      | Reached XP level 7. HP: 49/59 MP: 7/7
  3164 | D:5      | Gained mutation: Potions and wands are less effective at restoring your health. [potion of mutation]
  3164 | D:5      | Gained mutation: You are somewhat resistant to further mutation. [potion of mutation]
  3167 | D:5      | HP: 1/59 [skk's ghost (9)]
  3167 | D:5      | Slain by skk's ghost

Skill      XL: |  1  2  3  4  5  6 |
---------------+-------------------+-----
Armour         | 1 2 3 |  3.2
Dodging        | 3 |  3.8
Throwing       | 2 |  2.7
Fighting       | 3 4 |  4.1
Axes           | 5 6 |  6.3

Action                   |  1- 3 |  4- 6 |  7- 9 || total
-------------------------+-------+-------+-------++-------
Melee: War axe           |   112 |   169 |     2 ||   283
Throw: Throwing net      |       |     3 |       ||     3
  Use: Potion            |       |       |     4 ||     4
  Eat: Bread ration      |       |     1 |       ||     1
       Meat ration       |       |     1 |       ||     1
Armor: Leather armour    |    94 |    50 |     2 ||   146
Dodge: Dodged            |   143 |   120 |     6 ||   269
